 Seeded DCSS version 0.31-a0-210-gccc998df9b (webtiles) character file.

Game seed: 15993150187267545940 (custom seed)

198 innerfire43 the Ducker (level 5, -12/42 HPs)
             Began as a Demonspawn Monk on June 29, 2023.
             Killed by divine providence
             ... invoked by an orc priest
              (14 damage)
             ... on level 4 of the Dungeon.
             The game lasted 00:03:08 (2326 turns).

innerfire43 the Ducker (Demonspawn Monk)            Turns: 2326, Time: 00:03:09

Health: -12/42     AC:  8    Str: 13    XL:     5   Next: 47%
Magic:  5/5        EV: 19    Int: 11    God:
Gold:   275        SH:  0    Dex: 16    Spells: 4/4 levels left

rFire   . . .        f - +1 trident
rCold   . . .        d - orb {light}
rNeg    . . .        b - +0 robe
rPois   .            (helmet restricted)
rElec   .            (no cloak)
rCorr   .            (no gloves)
SInv    .            (no boots)
Will    .....        r - amulet of regeneration
Stlth   +            h - +5 ring of evasion
HPRegen 1.07/turn    (no ring)
MPRegen 0.09/turn

%: no passive effects
@: weakened, sanguine armoured, glowing
A: antennae 1, sanguine armour 1, demonic magic 1
a: no special abilities


You were on level 4 of the Dungeon.
You visited 1 branch of the dungeon, and saw 4 of its levels.

You collected 275 gold pieces.

Inventory:

Hand Weapons
 a - a +0 spear
 f - a +1 trident (weapon)
Armour
 b - a +0 robe (worn)
 d - an orb of light (worn)
 q - a +0 scale mail
Jewellery
 h - a +5 ring of evasion (left hand)
 r - an amulet of regeneration (around neck)
Wands
 i - a wand of flame (14) (quivered)
 m - a wand of paralysis (2)
Scrolls
 k - 3 scrolls of identify {unknown}
 l - a scroll of fog {unknown}
 n - a scroll of revelation {unknown}
 t - 2 scrolls of poison {unknown}
 u - a scroll of immolation {unknown}
Potions
 c - a potion of cancellation {unknown}
 e - a potion of enlightenment {unknown}
 g - a potion of berserk rage {unknown}
 j - a potion of heal wounds {unknown}
 o - a potion of resistance {unknown}
 p - 2 potions of curing {unknown}
 s - a potion of degeneration {unknown}


   Skills:
 + Level 4.0 Fighting
 + Level 3.6 Polearms
 * Level 4.4 Dodging


You had 4 spell levels left.
You didn't know any spells.
Your spell library contained the following spells:

 Spells                   Type           Power      Damage    Failure   Level
 Beastly Appendage        Tmut           0%         N/A       34%         1
 Wereblood                Tmut           0%         N/A       47%         2
 Spider Form              Tmut/Pois      0%         N/A       71%         3


Dungeon Overview and Level Annotations

Branches:
Dungeon (4/15)
 Temple: D:4-7

Altars:

Shops:
D:2 =


Innate Abilities, Weirdness & Mutations

You have a pair of small antennae on your head.
When seriously injured, your blood forms armour. (AC +6)
Spells you cast may paralyse adjacent enemies.


Message History

The gnoll bouda hits you with a +0 club.
The orc closely misses you.
The gnoll is no longer moving quickly.
The orc attacks as you move away! The orc barely misses you.
The gnoll is no longer moving quickly.
The orc priest mumbles some strange prayers to Beogh against you.
Beogh smites you!
The gnoll bouda barks out a call to the hunt!
The gnolls pick up the pace!
The gnoll attacks as you move away! The gnoll completely misses you.
The gnoll is no longer moving quickly.
The orc attacks as you move away! The orc misses you.
The gnoll barely misses you.
The gnoll bouda attacks as you move away!
The gnoll bouda barely misses you.
Your attacks no longer feel as feeble.
The orc closely misses you.
The orc priest invokes the aid of Beogh against you.
Beogh smites you!
* * * LOW HITPOINT WARNING * * *
The gnoll bouda gazes fiercely through you!
You feel your attacks grow feeble. The orc completely misses you.
Okay, then.
As you read the scroll labelled DOIMAECACH, it crumbles to dust.
It is a scroll of amnesia.
You feel forgetful for a moment.
The gnoll is no longer moving quickly.
The gnoll closely misses you. The orc completely misses you.
The orc misses you.
The gnoll bouda barks out a call to the hunt!
The gnolls pick up the pace!
As you read the scroll labelled ILEOBBEMUJ, it crumbles to dust.
It is a scroll of enchant weapon.
Your +0 trident glows red for a moment.
The gnoll hits you from afar with a +0 halberd.
* * * LOW HITPOINT WARNING * * *
The orc hits you but does no damage. The gnoll bouda misses you.
The orc priest mumbles some strange prayers to Beogh against you.
Beogh smites you!
You die...

# #<.......#
#..#.######## ..#.#
### ..#.# .#######..
..#.# .........#
#.#.# .... ........#
#.#.# .....
.......###.#.# .....
#....ggg@#.# .....##
#.....goo#.# .......
+......og#.#
.......##)......##.#
#.....#.)......##.#
#...............#.#
#....(..........#.#
##.........####.#.#
#..####....# #.#.#


You could see a gnoll bouda, an orc priest, 4 gnolls and 2 orcs.

Vanquished Creatures
  A jelly (D:4)
  A hound (D:3)
  6 adders
  2 dart slugs
  2 orcs (D:4)
  3 bats
  11 endoplasms
  2 giant cockroaches (D:1)
  9 goblins
  6 hobgoblins
  4 jackals (D:3)
  4 quokkas
  5 ball pythons
  2 frilled lizards (D:2)
  5 kobolds
  4 rats
67 creatures vanquished.

Notes
Turn   | Place    | Note
-------+----------+-------------------------------------------
     0 | D:1      | innerfire43 the Demonspawn Monk began the quest for the
                  | Orb.
     0 | D:1      | Reached XP level 1. HP: 18/18 MP: 1/1
   121 | D:1      | Gained mutation: Spells you cast may paralyse adjacent
                  | enemies. [demonic ancestry]
   121 | D:1      | Reached XP level 2. HP: 24/24 MP: 2/2
   849 | D:2      | Reached XP level 3. HP: 29/29 MP: 3/3
  1072 | D:2      | Found Fuphineq's Jewellery Shoppe.
  1187 | D:2      | Gained mutation: You have a pair of small antennae on your
                  | head. [demonic ancestry]
  1187 | D:2      | Reached XP level 4. HP: 35/35 MP: 4/4
  1910 | D:3      | Gained mutation: When seriously injured, your blood forms
                  | armour. (AC +6) [demonic ancestry]
  1910 | D:3      | Reached XP level 5. HP: 36/42 MP: 5/5
  2324 | D:4      | HP: 1/42 [orc priest/divine providence (15)]
  2326 | D:4      | Killed from afar by an orc priest

Illustrated notes

Levels and vault maps discovered:
D:1:      minmay_arrival_four_circles, layout_basic
D:2:      minmay_angry_zag, layout_basic, serial_shops,
          nicolae_shop_tiny_statue_garden, minmay_pentomino_z2
D:3:      layout_basic, serial_park_tiny_pond
D:4:      layout_basic, okawaru_ov_weapons_minmay, mainiacjoe_overflow_catwalk,
          minmay_temple_entry_glass

Skill      XL: |  1  2  3  4  5 |
---------------+----------------+-----
Dodging        | 3 4 |  4.4
Polearms       | 3 |  3.6
Fighting       | 4 |  4.0

Action                     |  1- 3 |  4- 6 || total
---------------------------+-------+-------++-------
  Melee: Spear             |    68 |       ||    68
         Trident           |    47 |    90 ||   137
  Evoke: Wand              |       |     3 ||     3
    Use: Scroll            |       |     2 ||     2
         Potion            |       |     1 ||     1
 Armour: Robe              |     4 |    13 ||    17
  Dodge: Dodged            |    63 |   157 ||   220

Table legend: (Time is in decaauts)
 A = Elapsed time spent in this place.
 B = Non-inter-level travel time spent in this place.
 C = Inter-level travel time spent in this place.
 D = Time resting spent in this place.
 E = Time spent auto-exploring this place.
 F = Levels seen in this place.
 G = Mean time per level.
                   A        B        C        D        E       F      G
               +--------+--------+--------+--------+--------+-----+--------+
         Total |   2341 |   2253 |     88 |      0 |   1804 |   4 |  585.2 |
       Dungeon |   2341 |   2253 |     88 |      0 |   1804 |   4 |  585.2 |
               +--------+--------+--------+--------+--------+-----+--------+

Top non-repeatable levels by time:
     D:1: 800 daAuts
     D:3: 648 daAuts
     D:2: 569 daAuts
     D:4: 323 daAuts
